 Dungeon Sprint DCSS version 0.29-a0-356-g7bc237e783 (webtiles) character file.

Game seed: 18144971250810608882

40828 Zeldest the Brawler (level 13, -10/142 HPs)
             Began as a Demonspawn Fighter on Apr 25, 2022.
             Was a High Priest of Jiyva.
             Killed from afar by a frost giant (26 damage)
             ... with a bolt of cold
             ... in the Dungeon (Sprint IX: "|||||||||||||||||||||||||||||").
             The game lasted 00:16:29 (2132 turns).

Zeldest the Brawler (Demonspawn Fighter)            Turns: 2132, Time: 00:16:29

Health: -10/142    AC: 26    Str: 21    XL:     13   Next: 76%
Magic:  13/13      EV: 14    Int: 14    God:    Jiyva [*****.]
Gold:   1848       SH:  7    Dex: 13    Spells: 12/12 levels left

rFire   + . .      SeeInvis .     - Unarmed
rCold   + . .      Faith    .   b - +0 buckler
rNeg    . . .      Spirit   .   v - +0 storm dragon scales
rPois   +          Reflect  .   s - +0 helmet
rElec   +          Harm     .   x - +1 cloak {rPois}
rCorr   +          Rampage  .   (gloves unavailable)
Will    .....      NoTele   +   w - +1 pair of boots
Stlth   ..........              (no amulet)
HPRegen 1.77/turn               u - ring of protection from fire
MPRegen 0.58/turn               t - ring of protection from cold

@: no status effects
A: yellow scales 1, demonic guardian 3, powered by death 1, demonic touch 3,
clever 2, robust 2
a: Renounce Religion, Oozemancy, Slimify


You were in the Dungeon.
You worshipped Jiyva.
Jiyva was extremely pleased with you.
You visited 1 branch You collected 1918 gold pieces.
You spent 70 gold pieces at shops.

Inventory:

Hand Weapons
 l - a +2 scimitar of flaming
Armour
 a - a +0 scale mail
 b - a +0 buckler (worn)
 m - a +0 pair of boots
 n - a +0 plate armour
 q - a +0 pair of gloves
 r - a +0 pair of boots
 s - a +0 helmet (worn)
 v - +0 storm dragon scales (worn)
 w - a +1 pair of boots (worn)
 x - a +1 cloak of poison resistance (worn)
Jewellery
 o - a +3 ring of intelligence
 p - a +2 ring of protection
 t - a ring of protection from cold (right hand)
 u - a ring of protection from fire (left hand)
Wands
 k - a wand of iceblast (5)
Scrolls
 c - a scroll of identify
 i - 2 scrolls of blinking
 j - 3 scrolls of amnesia
Potions
 d - 2 potions of curing
 f - 2 potions of haste
 g - 4 potions of magic
 h - a potion of berserk rage


   Skills:
 + Level 16.7 Fighting
 + Level 15.5 Armour
 + Level 15.1 Dodging
 + Level 12.0 Shields
 + Level 17.1 Unarmed Combat
 + Level 14.2 Evocations


You had 12 spell levels left.
You didn't know any spells.
Your spell library was empty.

Dungeon Overview and Level Annotations

Branches:
Dungeon (1/1)

Altars:
Cheibriados
Dithmenos
Elyvilon
Fedhas
Gozag
Hepliaklqana
Kikubaaqudgha
Makhleb
Nemelex Xobeh
Okawaru
Qazlal
Ru
Sif Muna
Trog
Uskayaw
Vehumet
Wu Jian
Xom
Yredelemnul
Zin
The Shining One
Beogh
Jiyva
Lugonu

Shops:
D **[(


Innate Abilities, Weirdness & Mutations

You are partially covered in yellow scales. (AC +2)
A powerful demonic guardian rushes to your aid.
You regenerate a little health from kills.
Your touch may irresistibly damage your foes and sap their willpower.
Your mind is very acute. (Int +4)
You are very robust. (+20% HP)


Message History

You punch the frost giant!
The frost giant is lightly wounded.
The frost giant gestures at you while chanting.
The bolt of cold hits you but does no damage.
You pummel the frost giant!!
The frost giant is moderately wounded.
You hit the frost giant.
The frost giant is heavily wounded.
The frost giant hits you with a +0 battleaxe of freezing!
* * * LOW HITPOINT WARNING * * *
The frost giant freezes you.
* * * LOW HITPOINT WARNING * * *
You hit the frost giant.
The frost giant is heavily wounded.
The frost giant hits you with a +0 battleaxe of freezing.
* * * LOW HITPOINT WARNING * * *
The frost giant freezes you.
* * * LOW HITPOINT WARNING * * *
You hit the frost giant but do no damage.
The frost giant is heavily wounded.
Okay, then.
You punch the frost giant!
The frost giant is heavily wounded.
You block the frost giant's attack.
You hit the frost giant but do no damage.
The frost giant is heavily wounded.
The frost giant barely misses you.
You pummel the frost giant!!
The frost giant is severely wounded.
The frost giant hits you with a +0 battleaxe of freezing.
* * * LOW HITPOINT WARNING * * *
The frost giant freezes you.
* * * LOW HITPOINT WARNING * * *
You hit the frost giant but do no damage.
The frost giant is severely wounded.
You pummel the frost giant!!
The frost giant is almost dead.
The frost giant gestures at you while chanting.
The bolt of cold hits you!! You resist.
You die...

▓.▓.▓.▓.▓.▓)▓.▓!▓.
▓.▓.▓.▓.▓.▓∩▓.▓.▓.
▓.▓.▓.▓.▓.▓)▓.▓(▓.
▓.▓.▓.▓.▓.▓)▓.▓'▓.
▓.▓'▓.▓.▓.▓.▓.▓.▓.
▓)▓.▓.▓.▓.▓.▓.▓.▓.
▓.▓.▓.▓.▓.▓.▓.▓.▓.
▓C▓.▓.▓'▓.▓'▓.▓.▓.
▓@▓.▓.▓.▓.▓.▓.▓[▓.
▓J▓.▓.▓.▓.▓.▓.▓.▓.
▓.▓.▓.▓.▓.▓.▓J▓.▓.
▓.▓.▓.▓.▓.▓.▓.▓.▓.
▓.▓.▓.▓.▓.▓.▓.▓'▓.
▓.▓.▓.▓.▓.▓.▓.▓.▓.
▓.▓.▓.▓.▓.▓.▓.▓.▓.
▓.▓.▓.▓.▓.▓.▓.▓.▓.
▓...▓...▓...▓...▓.


You could see a frost giant and a neutral jelly (wandering) (fellow slime).

Vanquished Creatures
  Kirke (D)
  2 fire giants (D)
  A frost giant (D)
  A spriggan defender (D)
  2 stone giants (D)
  A bunyip (D)
  An entropy weaver (D)
  An ettin (D)
  A fire dragon (D)
  2 ice dragons (D)
  A boulder beetle (D)
  2 rakshasas (D)
  3 hydras (D)
  A centaur warrior (D)
  2 ghost crabs (D)
  A spriggan air mage (D)
  A radroach (D)
  2 tengu warriors (D)
  3 naga warriors (D)
  An anaconda (D)
  A deep troll earth mage (D)
  A shock serpent (D)
  A spriggan berserker (D)
  4 orc high priests (D)
  A naga sharpshooter (D)
  A pharaoh ant (D)
  A steelbarb worm (D)
  A swamp dragon (D)
  An orc knight (D)
  4 orc sorcerers (D)
  3 ugly things (D)
  A wolf spider (D)
  2 cyclopes (D)
  A moth of wrath (D)
  2 manticores (D)
  A will-o-the-wisp (D)
  2 naga magi (D)
  2 cane toads (D)
  A black mamba (D)
  A yaktaur (D)
  2 freezing wraiths (D)
  A meliai (D)
  3 merfolk (D)
  3 blink frogs (D)
  A tarantella (D)
  A yak (D)
  A vampire (D)
  A basilisk (D)
  3 hogs (D)
  Grum (D)
  A vampire mosquito (D)
  9 water moccasins (D)
  6 orc warriors (D)
  An ogre (D)
  2 wolves (D)
  A centaur (D)
  6 bullfrogs (D)
  2 gnoll sergeants (D)
  2 wights (D)
  A jelly (D)
  5 orc priests (D)
  An iguana (D)
  3 orc wizards (D)
  A hell rat (D)
  An adder (D)
  A shadow imp (D)
  11 orcs (D)
  An endoplasm (D)
  A giant cockroach (D)
  A goblin (D)
  A ball python (D)
  A rat (D)
138 creatures vanquished.

Vanquished Creatures (collateral kills)
  A satyr (D)
  A sea snake (D)
  2 orc knights (D)
  A rime drake (D)
  A merfolk (D)
  A snapping turtle (D)
  An orc warrior (D)
  An orc (D)
9 creatures vanquished.

Vanquished Creatures (others)
  An eleionoma (D)
  2 great orbs of eyes (D)
  A glowing orange brain (D)
  An ironbound convoker (D)
  An eye of devastation (shapeshifter) (D)
  A hornet (D)
  2 slime creatures (D)
  A spriggan (D)
  A vampire mosquito (D)
  7 jellies (D)
  4 foxfires (D)
22 creatures vanquished.

Grand Total: 169 creatures vanquished

Notes
Turn   | Place    | Note
-------+----------+-------------------------------------------
     0 | D        | Zeldest the Demonspawn Fighter began the quest for the Orb.
     0 | D        | Reached XP level 1. HP: 18/18 MP: 1/1
    13 | D        | Reached skill level 2 in Unarmed Combat
    37 | D        | Noticed an iguana
    37 | D        | Noticed a jelly
    37 | D        | Noticed an ogre
    40 | D        | Killed an iguana
    41 | D        | Reached skill level 1 in Dodging
    41 | D        | Reached skill level 3 in Unarmed Combat
    41 | D        | Gained mutation: Your touch may inflict minor irresistible
                  | damage on your foes. [demonic ancestry]
    41 | D        | Reached XP level 2. HP: 11/25 MP: 2/2
    41 | D        | Reached XP level 3. HP: 14/30 MP: 3/3
    43 | D        | Reached skill level 4 in Unarmed Combat
    45 | D        | Gained mutation: A weak demonic guardian rushes to your
                  | aid. [demonic ancestry]
    45 | D        | Reached XP level 4. HP: 12/38 MP: 4/4
    47 | D        | Killed an ogre
    48 | D        | Reached skill level 5 in Fighting
    48 | D        | Reached skill level 5 in Armour
    48 | D        | Reached skill level 6 in Unarmed Combat
    48 | D        | Gained mutation: You regenerate a little health from kills.
                  | [demonic ancestry]
    48 | D        | Reached XP level 5. HP: 14/44 MP: 5/5
    58 | D        | Found a snail-covered altar of Cheibriados.
    58 | D        | Found a shadowy altar of Dithmenos.
    58 | D        | Found a blossoming altar of Fedhas.
    58 | D        | Found an opulent altar of Gozag.
    59 | D        | Found a hazy altar of Hepliaklqana.
    60 | D        | Found a viscous altar of Jiyva.
    61 | D        | Found an ancient bone altar of Kikubaaqudgha.
    62 | D        | Found a corrupted altar of Lugonu.
    63 | D        | Found a burning altar of Makhleb.
    64 | D        | Found a sparkling altar of Nemelex Xobeh.
    65 | D        | Found an iron altar of Okawaru.
    66 | D        | Found a stormy altar of Qazlal.
    67 | D        | Found a sacrificial altar of Ru.
    68 | D        | Became a worshipper of Jiyva Jawni the Shapeless
    69 | D        | Found a shimmering blue altar of Sif Muna.
    70 | D        | Found a bloodstained altar of Trog.
    70 | D        | Killed a vampire mosquito
    71 | D        | Found a hide-covered altar of Uskayaw.
    71 | D        | Killed a slime creature
    72 | D        | Found a radiant altar of Vehumet.
    72 | D        | Killed a great orb of eyes
    73 | D        | Found an ornate altar of the Wu Jian Council.
    74 | D        | Found a shimmering altar of Xom.
    75 | D        | Found a basalt altar of Yredelemnul.
    75 | D        | Killed a slime creature
    78 | D        | Killed a great orb of eyes
    90 | D        | Killed an ironbound convoker
   120 | D        | Noticed a vampire
   120 | D        | Noticed an orc warrior
   130 | D        | Reached skill level 7 in Unarmed Combat
   130 | D        | Gained mutation: Your touch may inflict irresistible damage
                  | on your foes. [demonic ancestry]
   130 | D        | Reached XP level 6. HP: 15/53 MP: 6/6
   130 | D        | Killed a vampire
   131 | D        | Reached skill level 5 in Dodging
   131 | D        | Reached skill level 8 in Unarmed Combat
   135 | D        | Gained mutation: A demonic guardian rushes to your aid.
                  | [demonic ancestry]
   135 | D        | Reached XP level 7. HP: 44/60 MP: 7/7
   139 | D        | Reached skill level 9 in Unarmed Combat
   145 | D        | Noticed a boulder beetle
   145 | D        | Noticed a cyclops
   145 | D        | Noticed a centaur warrior
   152 | D        | Killed a cyclops
   153 | D        | Reached skill level 10 in Unarmed Combat
   153 | D        | Gained mutation: You are partially covered in yellow
                  | scales. (AC +2) [demonic ancestry]
   153 | D        | Reached XP level 8. HP: 17/69 MP: 8/8
   173 | D        | Killed a centaur warrior
   174 | D        | Reached skill level 11 in Unarmed Combat
   182 | D        | Reached * piety under Jiyva
   283 | D        | Noticed a cane toad
   291 | D        | Reached skill level 1 in Evocations
   308 | D        | Reached XP level 9. HP: 50/78 MP: 9/9
   312 | D        | Killed a cane toad
   313 | D        | Reached skill level 10 in Fighting
   329 | D        | Reached skill level 12 in Unarmed Combat
   359 | D        | Reached ** piety under Jiyva
   359 | D        | Noticed a rime drake
   360 | D        | Noticed a cane toad
   369 | D        | Noticed an eight-headed hydra
   385 | D        | Killed a rime drake
   388 | D        | Killed an eight-headed hydra
   389 | D        | Reached skill level 10 in Armour
   389 | D        | Reached skill level 5 in Evocations
   404 | D        | Reached XP level 10. HP: 71/87 MP: 10/10
   423 | D        | Killed a cane toad
   462 | D        | Reached skill level 10 in Dodging
   473 | D        | Reached skill level 13 in Unarmed Combat
   610 | D        | Noticed an orc knight
   621 | D        | Noticed an orc sorcerer
   632 | D        | Killed an orc knight
   634 | D        | Killed an orc sorcerer
   689 | D        | Noticed an orc knight
   710 | D        | Killed an orc knight
   755 | D        | Noticed an orc high priest
   758 | D        | Noticed an ettin
   762 | D        | Noticed a smoke demon
   769 | D        | Noticed a soul eater
   775 | D        | Killed an orc high priest
   776 | D        | Reached skill level 5 in Shields
   776 | D        | Gained mutation: Your touch may irresistibly damage your
                  | foes and sap their willpower. [demonic ancestry]
   776 | D        | Reached XP level 11. HP: 85/96 MP: 11/11
   786 | D        | Killed an ettin
   826 | D        | Found Yptun's Assorted Antiques.
   826 | D        | Noticed an orc high priest
   827 | D        | Noticed an orc sorcerer
   828 | D        | Noticed an orc sorcerer
   829 | D        | Noticed a soul eater
   830 | D        | Found Doluczef's General Store.
   835 | D        | Noticed an orc sorcerer
   836 | D        | Killed an orc sorcerer
   836 | D        | Killed an orc sorcerer
   839 | D        | Killed an orc high priest
   840 | D        | Reached skill level 14 in Unarmed Combat
   844 | D        | Killed an orc sorcerer
   845 | D        | Found Efit's Armour Emporium.
   857 | D        | Found Wumeugg's Weapon Shoppe.
   860 | D        | Noticed an orc high priest
   862 | D        | Bought a potion of heal wounds for 70 gold pieces
   862 | D        | Noticed an orc high priest
   863 | D        | Noticed a sixfirhy
   863 | D        | Noticed an orc knight
   872 | D        | Killed an orc high priest
   882 | D        | Killed an orc high priest
   900 | D        | Killed an orc knight
   959 | D        | Reached *** piety under Jiyva
  1003 | D        | Noticed Grum
  1016 | D        | Killed Grum
  1030 | D        | Gained mutation: Your mind is acute. (Int +2) [Jiyva's
                  | grace]
  1030 | D        | Gained mutation: Your mind is very acute. (Int +4) [Jiyva's
                  | grace]
  1030 | D        | Gained mutation: You are robust. (+10% HP) [Jiyva's grace]
  1030 | D        | Gained mutation: You are very robust. (+20% HP) [Jiyva's
                  | grace]
  1114 | D        | Noticed a red ugly thing
  1114 | D        | Noticed a brown ugly thing
  1114 | D        | Noticed a white ugly thing
  1127 | D        | Killed a cyan ugly thing
  1128 | D        | Reached skill level 10 in Evocations
  1134 | D        | Noticed a rakshasa
  1143 | D        | Killed a cyan ugly thing
  1146 | D        | Noticed an ice dragon
  1149 | D        | Noticed a fire giant
  1155 | D        | Noticed a spriggan berserker
  1167 | D        | Killed a white ugly thing
  1173 | D        | Noticed a fire giant
  1180 | D        | Noticed a death yak
  1196 | D        | Killed an ice dragon
  1198 | D        | Noticed a spriggan air mage
  1200 | D        | Noticed a spriggan air mage
  1205 | D        | Killed a fire giant
  1206 | D        | Reached XP level 12. HP: 128/128 MP: 12/12
  1208 | D        | Killed a rakshasa
  1209 | D        | Noticed a rakshasa
  1225 | D        | Reached skill level 15 in Unarmed Combat
  1233 | D        | Killed a fire giant
  1268 | D        | Killed a spriggan air mage
  1279 | D        | Noticed a stone giant
  1286 | D        | Killed a rakshasa
  1297 | D        | Killed a stone giant
  1332 | D        | Reached **** piety under Jiyva
  1357 | D        | Noticed Kirke
  1377 | D        | Killed Kirke
  1433 | D        | Noticed a naga warrior
  1433 | D        | Noticed a naga warrior
  1433 | D        | Noticed an anaconda
  1435 | D        | Noticed a naga warrior
  1461 | D        | Killed a naga warrior
  1462 | D        | Reached skill level 15 in Fighting
  1469 | D        | Killed a naga warrior
  1478 | D        | Killed an anaconda
  1494 | D        | Killed a naga warrior
  1508 | D        | Reached skill level 10 in Shields
  1537 | D        | Reached ***** piety under Jiyva
  1537 | D        | Noticed an eleionoma
  1537 | D        | Noticed a bunyip
  1537 | D        | Noticed a five-headed hydra
  1537 | D        | Noticed a ghost crab
  1544 | D        | Killed an eleionoma
  1552 | D        | Killed a bunyip
  1553 | D        | Noticed a six-headed hydra
  1558 | D        | Killed a five-headed hydra
  1562 | D        | Killed a ghost crab
  1563 | D        | Reached skill level 16 in Unarmed Combat
  1563 | D        | Gained mutation: A powerful demonic guardian rushes to your
                  | aid. [demonic ancestry]
  1563 | D        | Reached XP level 13. HP: 104/139 MP: 13/13
  1739 | D        | Noticed an entropy weaver
  1753 | D        | Killed an entropy weaver
  1812 | D        | Reached skill level 15 in Armour
  1943 | D        | Noticed a stone giant
  1943 | D        | Noticed a fire dragon
  1948 | D        | Noticed a frost giant
  1954 | D        | Killed a stone giant
  1955 | D        | Noticed a spriggan defender
  1958 | D        | Noticed a frost giant
  1979 | D        | Killed a fire dragon
  1986 | D        | Noticed a spark wasp
  1996 | D        | Noticed a green very ugly thing
  1999 | D        | Killed a frost giant
  2000 | D        | Reached skill level 15 in Dodging
  2029 | D        | Reached skill level 17 in Unarmed Combat
  2035 | D        | HP: 5/142 [spriggan defender/+3 rapier of holy wrath (5)]
  2116 | D        | Killed a spriggan defender
  2132 | D        | Killed from afar by a frost giant

Illustrated notes

Levels and vault maps discovered:
D:        linesprint [early_d, line_temple, items_1, d_10, items_2, lair_1,
          lair_end, items_3, orc_1, orc_end, items_4, d_15, swamp_1, shoals_1,
          snake_1, spider_1, d_20, vaults_1, items_5, swamp_end, shoals_end,
          snake_end, spider_end, vaults_end, d_27, items_6, zot_1, zot_end,
          crypt_end, forest_end, elf_end, slime_end, tomb_end, abyss_end,
          pan_hell_end]

Skill      XL: |  1  2  3  4  5  6  7  8  9 10 11 12 13 |
---------------+----------------------------------------+-----
Unarmed Combat | 3 4 6 7 8 10 11 12 13 14 16 17 | 17.1
Armour         | 3 4 5 6 7 8 10 11 12 14 15 | 15.5
Shields        | 3 5 8 10 12 | 12.0
Fighting       | 4 5 6 7 8 9 11 12 14 15 16 | 16.7
Dodging        | 1 2 3 4 5 7 8 9 11 12 13 15 | 15.1
Evocations     | 2 5 8 10 12 14 | 14.2

Action                   |  1- 3 |  4- 6 |  7- 9 | 10-12 | 13-15 || total
-------------------------+-------+-------+-------+-------+-------++-------
Melee: Unarmed           |    33 |    16 |    97 |   496 |   219 ||   861
Evoke: Wand              |       |     3 |     7 |    10 |     3 ||    23
  Use: Potion            |     1 |     3 |     4 |    12 |     1 ||    21
       Scroll            |       |       |       |       |     3 ||     3
 Stab: Invisible         |       |     2 |       |       |       ||     2
Armor: Scale mail        |    10 |     1 |       |       |       ||    11
       Plate armour      |       |     4 |    49 |    85 |       ||   138
       Storm dragon scal |       |       |       |    72 |   106 ||   178
Dodge: Dodged            |    10 |     6 |    45 |   141 |    95 ||   297
Block: Buckler           |     3 |     2 |    13 |    67 |    51 ||   136

Table legend: (Time is in decaauts)
 A = Elapsed time spent in this place.
 B = Non-inter-level travel time spent in this place.
 C = Inter-level travel time spent in this place.
 D = Time resting spent in this place.
 E = Time spent auto-exploring this place.
 F = Levels seen in this place.
 G = Mean time per level.
                   A        B        C        D        E       F      G
               +--------+--------+--------+--------+--------+-----+--------+
         Total |   1915 |   1915 |      0 |      0 |      0 |   1 | 1915.0 |
       Dungeon |   1915 |   1915 |      0 |      0 |      0 |   1 | 1915.0 |
               +--------+--------+--------+--------+--------+-----+--------+

Top non-repeatable levels by time:
       D: 1915 daAuts
